 Dungeon Crawl Stone Soup version 0.17-a0-854-g4a4ba72 (webtiles) character file.

251 FedoraBrony69 the Cudgeler (level 5, -1/50 HPs)
             Began as a Minotaur Berserker on Apr 28, 2015.
             Was an Elder of Trog.
             Drowned by a drowned soul (3 damage)
             ... summoned by a malarious merfolk avatar
             ... in a sewer.
             The game lasted 00:03:54 (1706 turns).

FedoraBrony69 the Cudgeler (Minotaur Berserker)     Turns: 1706, Time: 00:03:54

Health: -1/50      AC: 10    Str: 23    XL:     5   Next: 88%
Magic:  4/4        EV:  8    Int:  4    God:    Trog [****..]
Gold:   144        SH:  0    Dex:  9    Spells: 0 memorised, 4 levels left

rFire  . . .     SeeInvis .     a - +0 mace
rCold  . . .     Clarity  .     k - +0 chain mail
rNeg   . . .     SustAb   .     (no shield)
rPois  .         Gourm    .     (helmet restricted)
rElec  .         Spirit   .     (no cloak)
rCorr  .         Warding  .     (no gloves)
rMut   .         Stasis   .     (no boots)
MR     .....                    (no amulet)
Stlth  ..........               (no ring)
                                d - +2 ring of protection

@: mesmerised, not resistant to hostile enchantments, extremely unstealthy
A: retaliatory headbutt, horns 2
a: Burn Spellbooks, Berserk, Trog's Hand, Brothers in Arms, Renounce Religion


You were in a sewer.
You worshipped Trog.
Trog was greatly pleased with you.
You were not hungry.

You visited 1 branch of the dungeon, and saw 3 of its levels.
You also visited: Sewer.

You collected 144 gold pieces.

Inventory:

Hand weapons
 a - a +0 mace (weapon)
Armour
 b - a +0 animal skin
 j - a +0 scale mail
 k - a +0 chain mail (worn)
Jewellery
 d - a +2 ring of protection (left hand)
Scrolls
 g - a scroll of identify {unknown}
 i - a scroll of magic mapping {unknown}
 o - a scroll of immolation {unknown}
 t - 2 scrolls of teleportation
Potions
 e - 2 potions of curing {unknown}
 f - 2 potions of agility {unknown}
 n - 2 potions of brilliance {unknown}
 p - a potion of might {unknown}
 q - a potion of mutation {unknown}
 r - a potion of poison {unknown}
 s - 4 potions of flight
Comestibles
 c - 6 bread rations
 h - 3 meat rations
 l - a slice of pizza
 m - 3 chunks of flesh


   Skills:
 + Level 6.1 Fighting
 + Level 6.2 Maces & Flails
 - Level 2.4 Armour
 - Level 2.1 Dodging


You had 4 spell levels left.
You didn't know any spells.

Dungeon Overview and Level Annotations

Branches:
Dungeon (3/15)

Altars:
Makhleb
Yredelemnul


Innate Abilities, Weirdness & Mutations

You reflexively headbutt those who attack you in melee.
You have a pair of horns on your head.


Message History

The malarious merfolk avatar chants its luring song.
The drowned soul touches you. The drowned soul drowns you.
* * * LOW HITPOINT WARNING * * *
You hit the malarious merfolk avatar but do no damage.
The malarious merfolk avatar is heavily wounded.
The drowned soul returns to the deep!
The malarious merfolk avatar chants its luring song.
You closely miss the malarious merfolk avatar.
Your headbutt misses the malarious merfolk avatar.
The malarious merfolk avatar is heavily wounded.
The malarious merfolk avatar chants its luring song.
You sock the malarious merfolk avatar!
Your headbutt misses the malarious merfolk avatar.
The malarious merfolk avatar is almost dead.
The drowned soul touches you. The drowned soul drowns you.
* * * LOW HITPOINT WARNING * * *
The malarious merfolk avatar chants its luring song.
Your unstable footing causes you to fumble your attack.
The drowned soul touches you. The drowned soul drowns you.
You die...

≈≈≈≈≈≈≈## #..###..#
≈≈≈≈≈≈≈≈# ##.## #≈≈###
≈≈≈≈≈≈≈≈###..# #≈≈...
≈≈≈≈≈≈≈≈≈≈≈#.†#########
≈≈≈≈≈≈≈≈≈≈≈≈≈≈≈≈≈≈≈≈≈≈≈#
≈≈≈≈≈≈≈≈≈≈≈≈#..########≈
≈≈≈≈≈≈≈≈≈†###..# ##
≈≈≈≈≈≈≈≈†≈.# #..#
≈≈≈≈≈≈≈≈@≈.# #..#
≈≈≈≈≈≈≈m≈≈.# ####
≈≈WW≈≈≈≈≈.+ ≈≈≈≈≈≈≈≈≈≈#
≈≈≈≈≈≈≈≈≈≈≈ ≈≈≈≈≈≈≈≈≈≈≈
≈≈≈≈≈≈≈≈≈≈≈ #########
###


You could see a malarious merfolk avatar and 2 drowned souls.

Vanquished Creatures
  A crimson imp (D:2)
  Terence (D:2)
  A siren (Sewer)
  A worker ant (D:3)
  4 adders
  2 river rats (Sewer)
  2 worms
  5 bats
  5 giant cockroaches
  6 goblins
  8 hobgoblins
  7 jackals
  3 ball pythons (Sewer)
  5 giant geckos
  8 giant newts
  2 kobolds
  34 rats
  A butterfly (D:3)
96 creatures vanquished.

Vanquished Creatures (others)
  14 drowned souls (Sewer)
14 creatures vanquished.

Grand Total: 110 creatures vanquished

Notes
Turn   | Place    | Note
--------------------------------------------------------------
     0 | D:1      | FedoraBrony69, the Minotaur Berserker, began the quest for the Orb.
     0 | D:1      | Reached XP level 1. HP: 19/19 MP: 0/0
    48 | D:1      | Reached skill level 4 in Maces & Flails
    48 | D:1      | Reached XP level 2. HP: 25/27 MP: 1/1
   205 | D:1      | Acquired Trog's second power
   650 | D:2      | Noticed Terence
   660 | D:2      | Killed Terence
   660 | D:2      | Reached XP level 3. HP: 30/34 MP: 2/2
   796 | D:2      | Reached skill level 5 in Fighting
   796 | D:2      | Reached XP level 4. HP: 21/42 MP: 3/3
   947 | D:2      | Found a burning altar of Makhleb.
   954 | D:2      | Reached skill level 5 in Maces & Flails
  1057 | D:3      | Found a basalt altar of Yredelemnul.
  1079 | D:3      | Reached XP level 5. HP: 28/48 MP: 4/4
  1306 | D:3      | Found a glowing drain.
  1335 | Sewer    | Entered a sewer
  1477 | Sewer    | Reached skill level 6 in Maces & Flails
  1655 | Sewer    | Acquired Trog's third power
  1677 | Sewer    | Noticed a drowned soul
  1678 | Sewer    | Noticed a drowned soul
  1680 | Sewer    | Killed a drowned soul
  1680 | Sewer    | Killed a drowned soul
  1681 | Sewer    | Noticed a drowned soul
  1682 | Sewer    | Noticed a drowned soul
  1682 | Sewer    | Noticed a drowned soul
  1685 | Sewer    | Killed a drowned soul
  1686 | Sewer    | Killed a drowned soul
  1686 | Sewer    | Killed a drowned soul
  1691 | Sewer    | Noticed a drowned soul
  1691 | Sewer    | Noticed a drowned soul
  1691 | Sewer    | Noticed a drowned soul
  1692 | Sewer    | Noticed a drowned soul
  1693 | Sewer    | Killed a drowned soul
  1694 | Sewer    | Killed a drowned soul
  1694 | Sewer    | Killed a drowned soul
  1695 | Sewer    | Killed a drowned soul
  1696 | Sewer    | Noticed a drowned soul
  1697 | Sewer    | Noticed a drowned soul
  1698 | Sewer    | Noticed a drowned soul
  1699 | Sewer    | Noticed a drowned soul
  1700 | Sewer    | Noticed a drowned soul
  1700 | Sewer    | Killed a drowned soul
  1701 | Sewer    | Killed a drowned soul
  1701 | Sewer    | Killed a drowned soul
  1702 | Sewer    | Noticed a drowned soul
  1702 | Sewer    | Noticed a drowned soul
  1702 | Sewer    | Killed a drowned soul
  1705 | Sewer    | HP: 2/50 [drowned by a drowned soul[a malarious merfolk avatar] (2)]
  1705 | Sewer    | Killed a drowned soul
  1706 | Sewer    | Noticed a drowned soul
  1706 | Sewer    | Noticed a drowned soul
  1706 | Sewer    | Drowned by a drowned soul

Action                   |  1- 3 |  4- 6 || total
-------------------------+-------+-------++-------
Melee: Mace              |    64 |   150 ||   214
  Eat: Chunk             |       |     3 ||     3
